 Dungeon Crawl Stone Soup version 0.31.0-32-g396128a36d (webtiles) character file.

Game seed: 17919804586031013356

252 Killerpretzel the Changeling (level 6, 0/61 HPs)
             Began as an Octopode Shapeshifter on Mar 8, 2024.
             Succumbed to a gnoll's poison
             ... on level 2 of the Dungeon.
             The game lasted 00:02:06 (835 turns).

Killerpretzel the Changeling (Octopode Shapeshifter) Turns: 835, Time: 00:02:07

Health: 0/61       AC:  1    Str: 14    XL:     6   Next: 14%
Magic:  6/6        EV: 14    Int: 12    God:
Gold:   109        SH:  0    Dex: 13    Spells: 5/5 levels left

rFire   . .          .
                       - Unarmed
rCold   . . .        (no shield)
rNeg    . . .        (helmet currently unavailable)
rPois   .            (no amulet)
rElec   .            (no ring)
rCorr   .            (no ring)
SInv    .            (no ring)
Will    .....        (no ring) Stlth
                     (no ring)
HPRegen 0.30/turn    (no ring)
MPRegen 0.10/turn    (no ring)
                     (no ring)

%: no passive effects
@: berserking, lethally poisoned (0 -> -30), beast-form, very quick
A: beast (slay +2), almost no armour, amphibious, 8 rings, camouflage 1,
gelatinous body 1, (nimble swimmer 1), tentacles
a: Begin Untransformation


You were on level 2 of the Dungeon.
You were a hulking beast.
You visited 1 branch of the dungeon, and saw 2 of its levels.

You collected 109 gold pieces.

Inventory:

Talismans
 b - a beast talisman
 c - a flux talisman
Scrolls
 a - a scroll of identify {unknown}
 h - a scroll of vulnerability {unknown}
Potions
 d - a potion of resistance {unknown}
 e - a potion of curing {unknown}
 f - a potion of berserk rage
 g - a potion of haste {unknown}
 i - a potion of invisibility {unknown}


   Skills:
 + Level 2.6 Fighting
 + Level 3.2 Dodging
 + Level 4.0 Unarmed Combat
 * Level 4.5 Shapeshifting


You had 5 spell levels left.
You didn't know any spells.
Your spell library was empty.

Dungeon Overview and Level Annotations

Branches:
Dungeon (2/15)

Altars:


Innate Abilities, Weirdness & Mutations

You are a hulking beast.
Your limbs bulge with bestial killing power. (Slay +2)
You cannot wear most types of armour.
You are amphibious.
You can wear up to eight rings at the same time.
Your skin changes colour to match your surroundings (Stealth+).
Your rubbery body absorbs attacks. (AC +1, EV +1)
((You are camouflaged when in or above water. (Stealth+)))
You have tentacles for arms and can constrict up to eight enemies at once.


Message History

You are too injured to fight recklessly!
You are too injured to fight recklessly!
You are too injured to fight recklessly!
There are monsters nearby!
You tentacle-slap the gnoll but do no damage.
You tentacle-slap the gnoll.
You kill the gnoll!
The gnoll hits you from afar with a +2 spear of venom!
You are poisoned.
You have reached level 6!
It was a potion of berserk rage.
A red film seems to cover your vision as you go berserk!
You feel yourself moving faster!
You feel mighty!
You feel very sick.
The gnoll hits you from afar with a +2 spear of venom.
You are more poisoned.
The gnoll misses you.
You barely miss the gnoll. Your grab misses the gnoll. You squeeze the gnoll!
You kill the gnoll!
You feel very sick.
The gnoll hits you from afar with a +2 spear of venom.
You are more poisoned.
You closely miss the gnoll. You grab the gnoll. You constrict the gnoll.
* * * LOW HITPOINT WARNING * * *
You feel very sick.
You bludgeon the gnoll!
The gnoll is severely wounded.
You constrict the gnoll.
* * * LOW HITPOINT WARNING * * *
You feel very sick.
The gnoll hits you from afar with a +2 spear of venom.
* * * LOW HITPOINT WARNING * * *
You are more poisoned.
The gnoll barely misses you.
You bludgeon the gnoll!
You kill the gnoll!
* * * LOW HITPOINT WARNING * * *
You feel very sick.
Your Unarmed Combat skill increases to level 4!
You die...

## .# ### .#
#.. .# #.. .#
#.g####.###
#..h......#
#.####....# #
#....##########
#.............#
#.............#
#.............
#............
#........)####
#.........#...


You could see a gnoll.

Vanquished Creatures
  Sigmund (D:2)
  Robin (D:2)
  2 adders (D:2)
  3 gnolls (D:2)
  3 ball pythons
  A bat (D:2)
  2 endoplasms (D:1)
  3 giant cockroaches
  12 goblins
  6 hobgoblins
  3 quokkas (D:1)
  5 kobolds
  3 rats
45 creatures vanquished.

Notes
Turn   | Place    | Note
-------+----------+-------------------------------------------
     0 | D:1      | Killerpretzel the Octopode Shapeshifter began the quest for
                  | the Orb.
     0 | D:1      | Reached XP level 1. HP: 13/13 MP: 1/1
   112 | D:1      | Reached XP level 2. HP: 17/18 MP: 2/2
   507 | D:2      | Noticed Robin
   513 | D:2      | Reached XP level 3. HP: 16/23 MP: 3/3
   544 | D:2      | Killed Robin
   593 | D:2      | Reached XP level 4. HP: 20/29 MP: 4/4
   707 | D:2      | Noticed Sigmund
   712 | D:2      | Killed Sigmund
   713 | D:2      | Reached XP level 5. HP: 32/35 MP: 5/5
   749 | D:2      | Found a faded altar of an unknown god.
   830 | D:2      | Reached XP level 6. HP: 23/41 MP: 6/6
   834 | D:2      | HP: 3/61 [poisoned by a gnoll]
   835 | D:2      | Succumbed to a gnoll's poison

Illustrated notes

Levels and vault maps discovered:
D:1:      dpeg_arrival_orchard, layout_rooms, minmay_misc_feat_alley,
          minmay_misc_feat_tiny
D:2:      layout_basic, serial_shops, nicolae_shop_hallway_plus,
          shapermc_ecumenical_altar_mp_highgroup, uniq_robin, uniq_sigmund

Skill      XL: |  1  2  3  4  5  6 |
---------------+-------------------+-----
Fighting       | 2 |  2.6
Dodging        | 3 |  3.2
Shapeshifting  | 4 |  4.5
Unarmed Combat | 4 |  4.0

Action                     |  1- 3 |  4- 6 || total
---------------------------+-------+-------++-------
  Melee: Unarmed           |    64 |    26 ||    90
         Tentacles         |    10 |     6 ||    16
         Constrict         |     9 |     6 ||    15
         Punch             |       |     1 ||     1
    Use: Scroll            |     3 |       ||     3
         Potion            |     1 |     1 ||     2
   Stab: Sleeping          |     3 |       ||     3
 Armour: Skin              |    39 |     9 ||    48
  Dodge: Dodged            |    20 |    22 ||    42
